[Event "Team 45 45 League T83"]
[Site "Internet Chess Club"]
[Date "2020.01.11"]
[Round "2"]
[White "fledermaus"]
[Black "cayo89"]
[Result "1-0"]
[WhiteElo "1816"]
[BlackElo "1635"]
[Opening "Old Indian: main line"]
[ECO "A55"]
[Time "15:02:42"]
[TimeControl "2700+45"]

1. Nf3 d6 2. d4 Nf6 3. c4 Nbd7 4. Nc3 e5 5. e4 c6 6. Be2 Be7 7. O-O O-O 8. Qc2
Qc7 9. Be3 exd4 10. Nxd4 Ne5 11. h3 a6 12. f4 c5 13. fxe5 cxd4 14. exf6 Bxf6 15.
Nd5 {Black resigns} 1-0

[Event "Team 45 45 League T83"]
[Site "Internet Chess Club"]
[Date "2020.01.10"]
[Round "2"]
[White "Grenadier"]
[Black "Zugzwanged"]
[Result "0-1"]
[WhiteElo "1617"]
[BlackElo "1720"]
[Opening "French: advance, Milner-Barry gambit"]
[ECO "C02"]
[Time "21:01:46"]
[TimeControl "2700+45"]

1. e4 e6 2. d4 d5 3. e5 c5 4. c3 Nc6 5. Nf3 Qb6 6. Bd3 cxd4 7. cxd4 Bd7 8. O-O
Nxd4 9. Nxd4 Qxd4 10. Nc3 a6 11. Qe2 Ne7 12. Rd1 Nc6 13. Bxa6 Qxe5 14. Bxb7 Qxe2
15. Nxe2 Rb8 16. Ba6 Nb4 17. Bd3 Nxd3 18. Rxd3 Bd6 19. Nc3 O-O 20. b3 Rfc8 21.
Rb1 Be5 22. Bd2 Bf6 23. Ne4 Be7 24. Ng3 Ra8 25. a4 Rab8 26. a5 Bb4 27. f4 Bb5
28. Bxb4 Bxd3 29. Rd1 Rxb4 30. Rxd3 Ra8 31. f5 Rxa5 32. fxe6 fxe6 33. Ne2 Ra3
34. Nd4 Rb6 35. Re3 Kf7 36. Rf3+ Ke7 37. h4 Ra1+ 38. Kf2 g6 39. g4 e5 40. Re3
Ra2+ 41. Kf3 Kd6 42. Ne2 Rb2 43. Nc1 Rb1 44. Rc3 Rc6 45. Rxc6+ Kxc6 46. Nd3
{White resigns} 0-1

[Event "Team 45 45 League T83"]
[Site "Internet Chess Club"]
[Date "2020.01.09"]
[Round "2"]
[White "Easy-Win"]
[Black "GoIrish"]
[Result "1-0"]
[WhiteElo "1645"]
[BlackElo "1485"]
[Opening "French: advance variation"]
[ECO "C02"]
[Time "19:00:58"]
[TimeControl "2700+45"]

1. e4 e6 2. d4 d5 3. e5 b6 4. Nf3 Ba6 5. Bxa6 Nxa6 6. c3 c6 7. O-O Ne7 8. Nbd2
Nf5 9. Re1 Be7 10. Nf1 O-O 11. h3 c5 12. Bd2 Rc8 13. Rc1 cxd4 14. cxd4 Nb4 15.
Qb3 Nc6 16. Qd3 Qd7 17. N1h2 Nb4 18. Qb1 Qb5 19. Rc3 Nc6 20. Rec1 a5 21. g4 Nh4
22. Nxh4 Bxh4 23. Nf3 Be7 24. a3 Na7 25. Rc7 Rxc7 26. Rxc7 Nc8 27. Qc2 Qa6 28.
h4 f6 29. Be3 fxe5 30. dxe5 Rxf3 31. Rxc8+ Rf8 32. Rxf8+ Bxf8 33. Qc6 Kf7 34.
Qd7+ Kg8 35. Qxe6+ Kh8 36. Bc5 Qc4 37. Bxf8 Qc1+ 38. Kg2 Qf4 39. Qf5 Qc4 40. e6
d4 41. Bxg7+ Kxg7 42. Qf7+ Kh8 43. Qf8# {Black checkmated} 1-0

[Event "Team 45 45 League T83"]
[Site "Internet Chess Club"]
[Date "2020.01.12"]
[Round "2"]
[White "CPTsopiens"]
[Black "walkover"]
[Result "1-0"]
[WhiteElo "1745"]
[BlackElo "1741"]
[Opening "Sicilian: Kan variation"]
[ECO "B41"]
[Time "08:00:40"]
[TimeControl "2700+45"]

1. e4 c5 2. Nf3 e6 3. d4 cxd4 4. Nxd4 a6 5. Be2 Qc7 6. O-O Nf6 7. Bf3 Nc6 8. Be3
Ne5 9. Nd2 h5 10. g3 Neg4 11. Bg5 Bc5 12. N2b3 Ba7 13. h3 Nxf2 14. Kxf2 e5 15.
Kg2 exd4 16. Nxd4 d6 17. Bxf6 gxf6 18. c3 h4 19. Bg4 d5 20. Qf3 Bxd4 21. cxd4
Bxg4 22. Qxg4 Qc2+ 23. Rf2 Qxe4+ 24. Qxe4+ dxe4 25. Rf4 O-O-O 26. Rc1+ Kb8 27.
Rxe4 hxg3 28. Rc3 f5 29. Rf4 Rhe8 30. Kxg3 Re7 31. Kf2 Re2+ 32. Kxe2 {Black
resigns} 1-0

[Event "Team 45 45 League T83"]
[Site "Internet Chess Club"]
[Date "2020.01.14"]
[Round "2"]
[White "MacroPawn"]
[Black "Beetlejuice"]
[Result "0-1"]
[WhiteElo "1664"]
[BlackElo "1726"]
[Opening "English: Anglo-Dutch defense"]
[ECO "A10"]
[Time "13:08:54"]
[TimeControl "2700+45"]

1. c4 f5 2. Nf3 Nf6 3. g3 g6 4. Bg2 Bg7 5. Nc3 d6 6. d4 O-O 7. d5 a5 8. Nd4 Na6
9. e4 fxe4 10. Nxe4 Nxe4 11. Bxe4 Nc5 12. Bc2 e6 13. Be3 exd5 14. cxd5 Bh3 15.
Rg1 Bd7 16. Qd2 Qf6 17. O-O-O a4 18. f3 Rfe8 19. Rg2 Qe5 20. Bh6 Bh8 21. f4 Qxd5
22. f5 Qxd4 23. Qxd4 Bxd4 24. Rxd4 Bxf5 25. Bxf5 gxf5 26. g4 f4 27. Bxf4 Ne6 28.
Rb4 c5 29. Re4 d5 30. Rxe6 Rxe6 31. h4 Rae8 32. Bd2 Re2 33. Rg3 Rf8 34. b3 Rff2
35. Rd3 axb3 36. axb3 d4 37. b4 b6 38. Kd1 Re4 {White resigns} 0-1

[Event "Team 45 45 League T83"]
[Site "Internet Chess Club"]
[Date "2020.01.10"]
[Round "2"]
[White "ghostfire"]
[Black "ivanson"]
[Result "0-1"]
[WhiteElo "1715"]
[BlackElo "1695"]
[Opening "King's Indian: Makagonov system (5.h3)"]
[ECO "E71"]
[Time "18:00:12"]
[TimeControl "2700+45"]

1. d4 Nf6 2. c4 g6 3. Nc3 Bg7 4. e4 d6 5. h3 O-O 6. Nf3 e5 7. d5 Na6 8. Bg5 Qe8
9. Be2 Nh5 10. g3 f5 11. g4 fxg4 12. hxg4 Bxg4 13. Rg1 Bd7 14. Qd2 Nf4 15. O-O-O
Nxe2+ 16. Qxe2 Qf7 17. Rg3 Bg4 18. Rd3 h5 19. a3 Nc5 20. Re3 Nb3+ 21. Kb1 Nd4
22. Qd3 Nxf3 23. Rexf3 Bxf3 24. Qe3 Bg4 25. f3 Bxf3 26. Bh6 Bg4 27. Bxg7 Kxg7
28. Qg5 Qf6 {White resigns} 0-1

[Event "Team 45 45 League T83"]
[Site "Internet Chess Club"]
[Date "2020.01.11"]
[Round "2"]
[White "carvajales"]
[Black "Demachaeron"]
[Result "1/2-1/2"]
[WhiteElo "1721"]
[BlackElo "1727"]
[Opening "English opening"]
[ECO "A20"]
[Time "12:01:41"]
[TimeControl "2700+45"]

1. c4 e5 2. g3 Nc6 3. Bg2 Nf6 4. Nc3 Be7 5. e4 O-O 6. Nge2 d6 7. O-O Be6 8. d3
Qd7 9. Nd5 Bh3 10. f4 Bg4 11. Nxe7+ Qxe7 12. h3 Bxe2 13. Qxe2 Nd4 14. Qf2 c5 15.
Be3 Rac8 16. b4 b6 17. b5 a6 18. Bxd4 cxd4 19. bxa6 Ra8 20. Bf3 Rxa6 21. Bd1 Nd7
22. Bb3 Nc5 23. Qe2 Rfa8 24. Rab1 Qd7 25. Kg2 Kf8 26. fxe5 dxe5 27. Qh5 Kg8 28.
Qxe5 Nxd3 29. Qd5 Rd8 30. c5 bxc5 31. Qxf7+ Qxf7 32. Rxf7 Kh8 33. Bc4 Ra3 34.
Rbb7 Ne5 35. Rxg7 Nxc4 36. Rxh7+ Kg8 37. Rbg7+ Kf8 38. Rf7+ Kg8 39. Rfg7+ Kf8
40. Rf7+ {Game drawn by mutual agreement} 1/2-1/2

[Event "Team 45 45 League T83"]
[Site "Internet Chess Club"]
[Date "2020.01.13"]
[Round "2"]
[White "Ajolote"]
[Black "primerpaso"]
[Result "1-0"]
[WhiteElo "2020"]
[BlackElo "1792"]
[Opening "Sicilian: closed"]
[ECO "B24"]
[Time "12:01:42"]
[TimeControl "2700+45"]

1. e4 c5 2. Nc3 Nc6 3. g3 g6 4. Bg2 Bg7 5. d3 e6 6. Be3 b6 7. Qd2 Nge7 8. Bh6
O-O 9. h4 Bxh6 10. Qxh6 f6 11. Nge2 Bb7 12. O-O-O Ne5 13. Qd2 Nf7 14. d4 c4 15.
h5 g5 16. f4 h6 17. Rhf1 Kg7 18. d5 exd5 19. exd5 Nd6 20. fxg5 hxg5 21. Ne4 Nef5
22. g4 Nxe4 23. Bxe4 Nd6 24. Ng3 Nf7 25. Nf5+ Kh8 26. Qd4 Rc8 27. d6 Bxe4 28.
Qxe4 Re8 29. Qd4 Rc6 30. Rde1 Re6 31. Rxe6 dxe6 32. Ne7 Ne5 33. Rxf6 Rxd6 34.
Rh6+ Kg7 35. Qxe5+ Kxh6 36. Qf6+ Kh7 37. Qg6+ Kh8 38. Qh6# {Black checkmated}
1-0

[Event "Team 45 45 League T83"]
[Site "Internet Chess Club"]
[Date "2020.01.09"]
[Round "2"]
[White "julesraider"]
[Black "hipopotamos"]
[Result "1-0"]
[WhiteElo "1688"]
[BlackElo "1663"]
[Opening "Queen's pawn game"]
[ECO "D00"]
[Time "19:03:44"]
[TimeControl "2700+45"]

1. d4 d5 2. g3 Nf6 3. Bg2 Bf5 4. Nf3 e6 5. c4 c6 6. O-O Be7 7. Nc3 Nbd7 8. Re1
O-O 9. Bf4 Nb6 10. c5 Nc4 11. b3 Na3 12. Rc1 Qa5 13. Ne5 b5 14. Nxc6 Qa6 15.
Nxe7+ Kh8 16. Nxf5 exf5 17. Nxd5 Nxd5 18. Bxd5 Rad8 19. Bd6 Rxd6 20. cxd6 Qxd6
21. e4 b4 22. Rc6 Qd7 23. Qd3 Re8 24. f3 g5 25. Rec1 fxe4 26. Bxe4 g4 27. Rh6
gxf3 28. Rxh7+ Kg8 29. Kf2 Nb5 30. Rh4 Nxd4 31. Bh7+ Kg7 32. Rxd4 Qh3 33. Kxf3
Qxh7 34. Qxh7+ Kxh7 35. Rxb4 a5 36. Rb7 a4 37. Rxf7+ Kg6 38. Rf4 a3 39. Rc6+ Kg5
40. h4+ Kh5 41. Rf5# {Black checkmated} 1-0

[Event "Team 45 45 League T83"]
[Site "Internet Chess Club"]
[Date "2020.01.13"]
[Round "2"]
[White "JPSVI"]
[Black "andrew37"]
[Result "1-0"]
[WhiteElo "1683"]
[BlackElo "1601"]
[Opening "Réti: King's Indian attack"]
[ECO "A07"]
[Time "17:04:53"]
[TimeControl "2700+45"]

1. Nf3 d5 2. g3 g6 3. Bg2 Bg7 4. c4 dxc4 5. Na3 Nf6 6. Nxc4 O-O 7. O-O c6 8. d3
Be6 9. b3 Nbd7 10. Bb2 Nb6 11. Qd2 Qc8 12. Ng5 Rd8 13. Ne5 h6 14. Nxe6 Qxe6 15.
Rac1 Nfd5 16. d4 Kh7 17. f4 f6 18. f5 gxf5 19. Bh3 Kg8 20. Bxf5 Qd6 21. Ng4 Qb4
22. Qxb4 Nxb4 23. a3 N4d5 24. e4 Nc7 25. Ne3 e6 26. Bg4 Re8 27. Bh5 Re7 28. a4
Rd8 29. Ba3 Red7 30. Bb2 Ne8 31. a5 Nc8 32. a6 bxa6 33. Rxc6 Rd6 34. Rfc1 Rxc6
35. Rxc6 Ncd6 36. Bxe8 Nxe8 37. Rxe6 Nd6 38. d5 Kf7 39. Ba3 Bf8 40. Bb2 Be7 41.
Ba3 Bf8 42. Ng4 Nb5 43. Rxf6+ Kg7 44. Bxf8+ Rxf8 45. Rxa6 h5 46. Ne3 Rf3 47.
Nf5+ Kf7 48. Nd6+ Nxd6 49. Rxd6 Rxb3 50. Rd7+ Kf6 51. Rxa7 Rb4 52. Ra6+ Kf7
{Black resigns} 1-0

[Event "Team 45 45 League T83"]
[Site "Internet Chess Club"]
[Date "2020.01.12"]
[Round "2"]
[White "Portola"]
[Black "ascoli"]
[Result "1-0"]
[WhiteElo "1754"]
[BlackElo "1552"]
[Opening "King's Indian: Torre attack"]
[ECO "A48"]
[Time "14:01:21"]
[TimeControl "2700+45"]

1. d4 Nf6 2. Nf3 g6 3. Bg5 Bg7 4. Nbd2 d5 5. e3 c5 6. c3 Qb6 7. Qb3 Be6 8. Be2
Nc6 9. Bb5 O-O 10. Bxc6 bxc6 11. Ne5 Rfc8 12. O-O h6 13. Bh4 g5 14. Bg3 Nh5 15.
Qxb6 axb6 16. Nef3 Nxg3 17. hxg3 cxd4 18. exd4 c5 19. Nb3 Bf5 20. Rfe1 e6 21.
Ne5 Ra7 22. Re2 Re7 23. Rae1 Bxe5 24. Rxe5 Be4 25. g4 f6 26. R5xe4 dxe4 27. Rxe4
Kf7 28. f3 e5 29. dxc5 bxc5 30. Re2 Ra7 31. a3 Rb7 32. Na5 Rd7 33. Nc4 Rcd8 34.
Kf2 Ke6 35. Kg3 Rd3 36. Kf2 Kd5 37. Nd2 Rd6 38. c4+ Kc6 39. Ke1 R3d4 40. Ne4 Re6
41. Nd2 Kb6 42. b3 Rd3 43. Kd1 e4 44. Kc2 Red6 45. Nxe4 Rd8 46. Nxf6 Ka5 47. Nd5
Rd4 48. Re7 Ka6 49. Re6+ Ka7 50. Re7+ Kb8 51. Re6 Rh8 52. Ne7 Rd7 53. Nc6+ Kb7
54. Ne5 Rd4 55. Nf7 Rf8 56. Nxh6 Rfd8 57. Re2 Ra8 58. Nf5 Rd7 59. a4 Ka6 60. Ng3
Rb8 61. Ne4 {Black resigns} 1-0

[Event "Team 45 45 League T83"]
[Site "Internet Chess Club"]
[Date "2020.01.12"]
[Round "2"]
[White "achessman"]
[Black "Monterrey"]
[Result "0-1"]
[WhiteElo "1807"]
[BlackElo "1934"]
[Opening "French: Tarrasch, closed variation, main line"]
[ECO "C06"]
[Time "14:06:02"]
[TimeControl "2700+45"]

1. e4 e6 2. d4 d5 3. Nd2 Nf6 4. e5 Nfd7 5. Bd3 c5 6. c3 Nc6 7. Ne2 cxd4 8. cxd4
f6 9. exf6 Nxf6 10. Nf3 Bd6 11. Bg5 O-O 12. O-O Qc7 13. Bh4 Nh5 14. Qc2 h6 15.
Bh7+ Kh8 16. Bg6 Rxf3 17. Bxh5 Rf5 18. Bg6 Bxh2+ 19. Kh1 Bd6 20. Bxf5 exf5 21.
Bg3 f4 22. Bh2 f3 23. Bxd6 fxg2+ 24. Kxg2 Qxd6 25. Rad1 Qf6 26. Qd2 Bf5 27. Ng3
Bg6 28. Rh1 Rf8 29. Qe3 Nb4 30. Rd2 a5 31. a3 Nc6 32. Rh3 Kh7 33. Ne2 Ne7 34.
Ng3 Nf5 35. Nxf5 Bxf5 36. Rg3 Be4+ 37. f3 Bg6 38. Qe5 Qc6 39. Qe1 Rf6 40. Qd1 a4
41. Kh2 Qc7 42. Rg2 Bf5 43. Qxa4 Rc6 44. Qb3 Qf4 45. Re2 Rg6 46. Rg2 Qh4+ 47.
Kg1 Rxg3 48. Qxd5 Rxg2+ 49. Kxg2 Bh3+ 50. Kg1 Qg3+ {White resigns} 0-1

[Event "Team 45 45 League T83"]
[Site "Internet Chess Club"]
[Date "2020.01.11"]
[Round "2"]
[White "laurenpar"]
[Black "ErnestoRondon"]
[Result "1/2-1/2"]
[WhiteElo "1809"]
[BlackElo "1860"]
[Opening "Queen's pawn game, Rubinstein (Colle-Zukertort) variation"]
[ECO "D05"]
[Time "21:31:12"]
[TimeControl "2700+45"]

1. d4 d5 2. Nf3 Nf6 3. e3 e6 4. Bd3 c5 5. b3 Nc6 6. Bb2 Be7 7. Nbd2 O-O 8. O-O
a6 9. Ne5 Qc7 10. a3 b5 11. Nxc6 Qxc6 12. c4 dxc4 13. bxc4 Bb7 14. Qf3 Qxf3 15.
Nxf3 Bxf3 16. gxf3 Rab8 17. cxb5 axb5 18. dxc5 Bxc5 19. Bxf6 gxf6 20. Rfb1 {Game
drawn by mutual agreement} 1/2-1/2

[Event "Team 45 45 League T83"]
[Site "Internet Chess Club"]
[Date "2020.01.09"]
[Round "2"]
[White "ANGELLR"]
[Black "bobhill"]
[Result "0-1"]
[WhiteElo "1807"]
[BlackElo "1856"]
[Opening "Grünfeld with Bf4 & e3"]
[ECO "D93"]
[Time "20:00:57"]
[TimeControl "2700+45"]

1. d4 d5 2. Bf4 Nf6 3. e3 g6 4. Nf3 Bg7 5. c4 O-O 6. Nc3 c6 7. Rc1 Qb6 8. Qb3
Qxb3 9. axb3 Na6 10. h3 Nb4 11. Be2 Bf5 12. Kd2 Rfc8 13. g4 Be6 14. Rhd1 h6 15.
Ne1 g5 16. Bg3 Ne8 17. Nd3 Nxd3 18. Bxd3 a6 19. c5 Nf6 20. f3 Nd7 21. Na4 Rf8
22. b4 f5 23. Be2 fxg4 24. hxg4 Bf7 25. Bd3 Bf6 26. Bf5 e6 27. Bd3 Kg7 28. Rh1
Bg6 29. Be2 e5 30. dxe5 Nxe5 31. Nb6 Rad8 32. b3 d4 33. f4 dxe3+ 34. Kxe3 Nd3
35. f5 Nxc1 36. Rxc1 Bf7 37. Nc4 Bd4+ 38. Kf3 Bd5# {White checkmated} 0-1

[Event "Team 45 45 League T83"]
[Site "Internet Chess Club"]
[Date "2020.01.11"]
[Round "2"]
[White "fishhead"]
[Black "Portola"]
[Result "1-0"]
[WhiteElo "1732"]
[BlackElo "1746"]
[Opening "French: Rubinstein variation"]
[ECO "C10"]
[Time "19:00:27"]
[TimeControl "2700+45"]

1. e4 e6 2. d4 d5 3. Nc3 dxe4 4. Nxe4 Be7 5. Nf3 Nd7 6. Bd3 Ngf6 7. Ng3 O-O 8.
O-O b6 9. c4 Bb7 10. Bd2 c5 11. Bc3 Qc7 12. Qe2 Rfe8 13. Rad1 Bxf3 14. Qxf3 cxd4
15. Bxd4 Rad8 16. Qe2 Nc5 17. Bb1 Ncd7 18. b3 Bc5 19. Ba1 Qf4 20. Nh5 Nxh5 21.
Qxh5 g6 22. Qe2 Be7 23. g3 Qc7 24. Be4 Bf6 25. Rxd7 Rxd7 26. Bxf6 e5 27. Bd5 Qd6
28. Bg5 Kg7 29. Qe3 f6 30. Bh6+ Kh8 31. f4 Rde7 32. f5 g5 33. h4 g4 34. Qe2 Qc5+
35. Kh2 Qa3 36. Bc1 Qa5 37. Qxg4 Qxa2+ 38. Kh3 Qxb3 39. Qf3 Qxf3 40. Rxf3 Kg7
41. g4 Rc7 42. Bb2 b5 43. cxb5 Rd8 44. Bc6 Rd1 45. g5 Rc8 46. Ra3 Rc7 47. Re3
Re7 48. Bf3 Rb1 49. Re2 Rf1 50. Kg2 Rb1 51. Be4 Rd1 52. Bc2 Rd5 53. Ba4 Rc7 54.
h5 h6 55. g6 Rd3 56. Bc2 Rd5 57. Ba4 Rd3 58. Kf2 Rc4 59. Bc2 Rf4+ 60. Ke1 Rd5
61. Bc1 Rb4 62. Be3 Rbxb5 63. Bxa7 Rb4 64. Bf2 Rb2 65. Be3 Ra5 66. Bc1 Rbb5 67.
Bd3 Rd5 68. Be4 Rd6 69. Rc2 Rd7 70. Rc8 Raa7 71. Be3 Rac7 72. Ra8 Rc4 73. Bb1
Rcc7 74. Ba2 {Black resigns} 1-0

[Event "Team 45 45 League T83"]
[Site "Internet Chess Club"]
[Date "2020.01.18"]
[Round "2"]
[White "Ajolote"]
[Black "IshanR"]
[Result "0-1"]
[WhiteElo "1994"]
[BlackElo "1935"]
[Opening "Ruy Lopez: Schliemann defense, Berger variation"]
[ECO "C63"]
[Time "18:10:09"]
[TimeControl "2700+45"]

1. e4 e5 2. Nf3 Nc6 3. Bb5 f5 4. Nc3 fxe4 5. Nxe4 Nf6 6. Nxf6+ Qxf6 7. Qe2 Be7
8. Bxc6 bxc6 9. Nxe5 Qe6 10. d3 O-O 11. Bd2 Bf6 12. Nf3 Qf7 13. O-O Bxb2 14. Ng5
Qg6 15. Rae1 h6 16. Ne4 d5 17. Ng3 Bg4 18. Qe7 Rae8 19. Qxc7 Bd4 20. Be3 Bc3 21.
Qxa7 Bxe1 22. Rxe1 Ra8 23. Qc5 Rxa2 24. h3 Bd7 25. Kh2 Re8 26. Ne2 Qf7 27. Nd4
Qe7 28. Nb3 Qxc5 29. Nxc5 d4 30. Nxd7 dxe3 31. fxe3 Rxc2 32. d4 Rc3 33. e4 Rd8
34. Nb6 Rxd4 35. e5 Kf8 36. e6 Ke8 37. e7 Rc2 38. Kg3 Rdd2 39. Nc8 Rxg2+ 40. Kf3
Rgf2+ 41. Kg3 Rfe2 42. Rf1 Rxe7 43. Nxe7 Kxe7 44. Kf4 Rc4+ 45. Ke5 Rc5+ 46. Ke4
Ke6 47. Rf8 Rc4+ 48. Kd3 Rh4 49. Re8+ Kd5 50. Re3 c5 51. Rg3 g5 52. Rf3 Rf4 53.
Re3 Ra4 54. Kd2 Ra2+ 55. Kc1 Rh2 56. Rf3 Ke4 57. Rc3 Kd4 58. Rf3 c4 59. Rg3 c3
60. Rf3 Kc4 61. Rf8 Rxh3 62. Rc8+ Kd5 {White resigns} 0-1

[Event "Team 45 45 League T83"]
[Site "Internet Chess Club"]
[Date "2020.01.11"]
[Round "2"]
[White "room-matt"]
[Black "MarcB"]
[Result "0-1"]
[WhiteElo "1818"]
[BlackElo "1820"]
[Opening "Scandinavian (center counter) defense"]
[ECO "B01"]
[Time "14:00:35"]
[TimeControl "2700+45"]

1. e4 d5 2. exd5 Qxd5 3. Nc3 Qd8 4. d4 Nf6 5. Nf3 Bg4 6. h3 Bxf3 7. Qxf3 c6 8.
Be3 e6 9. Bd3 Nbd7 10. O-O Be7 11. Ne2 O-O 12. c4 c5 13. b3 cxd4 14. Bxd4 Qc7
15. Rac1 Rfd8 16. Rfd1 Bd6 17. Kh1 Be5 18. Bb1 Bxd4 19. Nxd4 a6 20. Qe3 Qe5 21.
Rc3 Qxe3 22. Rxe3 g6 23. g4 Nc5 24. g5 Ne8 25. Bc2 Rd6 26. Nf3 Rxd1+ 27. Bxd1
Rd8 28. Bc2 Kf8 29. Kg2 a5 30. a3 b6 31. h4 Nd6 32. h5 Nf5 33. Bxf5 exf5 34.
hxg6 hxg6 35. Ne5 Ne4 36. f4 Rd2+ 37. Kh3 Kg7 38. Rd3 Nf2+ {White resigns} 0-1

[Event "Team 45 45 League T83"]
[Site "Internet Chess Club"]
[Date "2020.01.12"]
[Round "2"]
[White "cayo89"]
[Black "Grebochess"]
[Result "0-1"]
[WhiteElo "1622"]
[BlackElo "1717"]
[Opening "Queen's pawn: London system"]
[ECO "A45"]
[Time "15:01:14"]
[TimeControl "2700+45"]

1. d4 Nf6 2. Bf4 g6 3. e3 d5 4. Be2 c5 5. c3 Qb6 6. Qb3 c4 7. Qxb6 axb6 8. Nd2
b5 9. a3 Nc6 10. h3 b4 11. a4 b5 12. Bd1 b3 13. a5 Rxa5 14. Rxa5 Nxa5 15. Ngf3
Nc6 16. Nxb3 cxb3 17. Bxb3 Bg7 18. O-O O-O 19. Ra1 Bb7 20. Ne5 Ra8 21. Rxa8+
Bxa8 22. f3 Nxe5 23. Bxe5 Nd7 24. Bc7 e5 25. Kf2 exd4 26. cxd4 Nf6 27. g4 Ne8
28. Bb8 Bf8 29. Ke2 Nd6 30. Kd2 Nc4+ 31. Bxc4 Bb4+ 32. Kc2 bxc4 33. Be5 Bc6 34.
b3 c3 35. Bg3 Bb5 36. f4 Bf1 {White resigns} 0-1

[Event "Team 45 45 League T83"]
[Site "Internet Chess Club"]
[Date "2020.01.11"]
[Round "2"]
[White "Yedixon"]
[Black "Zugzwanged"]
[Result "1/2-1/2"]
[WhiteElo "1648"]
[BlackElo "1717"]
[Opening "English: Mikenas-Carls, Sicilian variation"]
[ECO "A19"]
[Time "09:10:58"]
[TimeControl "2700+45"]

1. c4 Nf6 2. Nc3 e6 3. e4 c5 4. e5 Ng8 5. d4 cxd4 6. Qxd4 Nc6 7. Qe4 d6 8. f4
dxe5 9. fxe5 Nge7 10. Nf3 Ng6 11. Bd2 Bb4 12. O-O-O O-O 13. h4 Qa5 14. a3 Bxa3
15. bxa3 Qxa3+ 16. Kb1 Qb3+ 17. Kc1 Qa3+ 18. Kb1 Qb3+ 19. Kc1 Qa3+ {Game drawn
by repetition} 1/2-1/2

[Event "Team 45 45 League T83"]
[Site "Internet Chess Club"]
[Date "2020.01.13"]
[Round "2"]
[White "Demachaeron"]
[Black "justice02"]
[Result "1-0"]
[WhiteElo "1738"]
[BlackElo "1615"]
[Opening "QGD Slav defense"]
[ECO "D10"]
[Time "21:30:50"]
[TimeControl "2700+45"]

1. d4 d5 2. c4 c6 3. Nc3 a6 4. a4 Nf6 5. Nf3 Nbd7 6. Bd2 g6 7. e3 Bg7 8. Bd3 O-O
9. cxd5 cxd5 10. Rc1 Re8 11. O-O e5 12. dxe5 Nxe5 13. Be2 Qd6 14. Nxe5 Rxe5 15.
Bf3 Bf5 16. Ne2 Bd3 17. Bc3 Bxe2 18. Bxe5 Bxd1 19. Bxd6 Bxf3 20. gxf3 Nh5 21.
Ba3 d4 22. Rfd1 dxe3 23. fxe3 Re8 24. Kf2 Be5 25. f4 Bf6 26. Rc7 g5 27. fxg5 Be5
28. Rxb7 Bxh2 29. Rh1 Bg3+ 30. Kf3 Ng7 31. Kxg3 Rxe3+ 32. Kf4 Re2 33. Rb8+ Ne8
34. Kf3 Re5 35. Bb4 f6 36. gxf6 Kf7 37. Rxh7+ Kg6 38. Rh8 Nxf6 39. Bc3 Rf5+ 40.
Ke2 {Black resigns} 1-0

[Event "Team 45 45 League T83"]
[Site "Internet Chess Club"]
[Date "2020.01.11"]
[Round "2"]
[White "RD1974"]
[Black "WillC"]
[Result "1-0"]
[WhiteElo "1588"]
[BlackElo "1566"]
[Opening "Caro-Kann: anti-anti-Caro-Kann defense"]
[ECO "B10"]
[Time "10:37:08"]
[TimeControl "2700+45"]

1. e4 c6 2. c4 d5 3. cxd5 cxd5 4. exd5 Nf6 5. Nc3 Nxd5 6. Bb5+ Nc6 7. Qb3 Nb6 8.
Nf3 Bd7 9. O-O e6 10. d4 Be7 11. Bf4 O-O 12. Bd3 Rc8 13. a3 Na5 14. Qc2 g6 15.
Bh6 Re8 16. Qe2 Bf6 17. Ne4 Be7 18. b4 Nc6 19. Nc5 Bxc5 20. dxc5 Nd5 21. Qb2 Qf6
22. Qxf6 Nxf6 23. Bf4 e5 24. Bg5 Nd5 25. Bc4 Be6 26. Rfe1 f6 27. Bc1 Kg7 28. Bb2
Nf4 29. Bxe6 Nxe6 30. Rad1 Rcd8 31. Nd2 Ned4 32. Nc4 Ne2+ 33. Kf1 Ned4 34. Nd6
Re7 35. b5 Nc2 36. Re2 N2d4 37. Bxd4 Nxd4 38. Rxd4 Rc7 39. Rd5 Rcd7 40. Red2 Kf8
41. c6 bxc6 42. bxc6 Rc7 43. Nb5 Rxd5 44. Rxd5 Rxc6 45. Rd7 a6 46. Nd6 Rc3 47.
Ne4 Rxa3 48. Nxf6 h5 49. Ra7 a5 50. Nd7+ Ke8 51. Nxe5 Ra1+ 52. Ke2 a4 53. Nxg6
a3 54. Kf3 a2 55. Nf4 h4 56. Nd3 Rd1 57. Rxa2 Rxd3+ 58. Ke2 Rd4 59. f3 Ke7 60.
Ra6 Kf7 61. Ke3 Rb4 62. Rh6 Kg7 63. Rh5 Kg6 64. Rh8 Kg7 65. Re8 Rb2 66. Re4 h3
67. gxh3 Rxh2 68. h4 Rh3 69. Rg4+ Kf6 70. Ke4 Rh1 71. Kf4 Rh2 72. Kg3 Rh1 73.
Kg2 Rc1 74. h5 Rc2+ 75. Kh3 Rc8 76. Kh4 Rh8 77. Rg5 Rh7 78. f4 Rh6 79. Kg4 Rh7
80. f5 Rh6 81. Rg6+ {Black resigns} 1-0

[Event "Team 45 45 League T83"]
[Site "Internet Chess Club"]
[Date "2020.01.09"]
[Round "2"]
[White "tightfist"]
[Black "Kingfisher75"]
[Result "1-0"]
[WhiteElo "1477"]
[BlackElo "1516"]
[Opening "Queen's bishop game"]
[ECO "D02"]
[Time "20:00:31"]
[TimeControl "2700+45"]

1. Nf3 d5 2. d4 Nf6 3. Bf4 c5 4. e3 Qb6 5. b3 Nc6 6. c3 cxd4 7. exd4 Bf5 8. Bd3
Be4 9. O-O e6 10. Qe2 Be7 11. Nbd2 Bxd3 12. Qxd3 O-O 13. Rfe1 Rfd8 14. h3 h6 15.
Ne5 Rac8 16. Rac1 a5 17. Nxc6 bxc6 18. Be3 c5 19. dxc5 Bxc5 20. Bxc5 Qxc5 21.
Qd4 Nd7 22. Nf3 Qxd4 23. cxd4 Kf8 24. Kf1 Ke7 25. Ke2 Kd6 26. Kd3 f6 27. g4 e5
28. dxe5+ fxe5 29. Nh4 Nc5+ 30. Ke2 Ke6 31. Nf5 Kf6 32. f3 d4 33. Rc4 Ne6 34.
Rec1 Nf4+ 35. Kd2 Rxc4 36. Rxc4 Nxh3 37. Ke2 d3+ 38. Kd2 Ng1 39. Rc6+ Kg5 40.
Nxg7 Nxf3+ 41. Kd1 Kxg4 42. Rxh6 e4 43. Rg6+ Kh3 44. Ne6 Rc8 45. Ng5+ Nxg5 46.
Rxg5 Rc2 47. Re5 Rxa2 48. Rxe4 Kg2 49. Re3 Ra1+ 50. Kd2 Rb1 51. Rxd3 Kf2 52. Kc2
Ra1 53. Kb2 Re1 54. Rd5 Re2+ 55. Ka3 Re1 56. Rxa5 Ra1+ 57. Kb4 Rb1 58. Kc4 Ke3
59. b4 Rc1+ 60. Kb5 Kd4 61. Kb6 Rb1 62. b5 Kd5 63. Kb7 Kd6 64. Ra6+ Kd7 65. b6
Rh1 66. Ka7 Rb1 67. Kb7 Rb2 68. Ra4 Kd6 69. Rc4 Rb1 70. Ka7 Ra1+ 71. Kb8 Rb1 72.
b7 Kd7 73. Rc7+ Kd8 74. Rg7 Rb2 75. Rg8+ Kd7 76. Rc8 Rb1 77. Ka7 Ra1+ 78. Kb6
Rb1+ 79. Ka6 Ra1+ 80. Kb5 Rb1+ 81. Ka6 Ra1+ 82. Kb6 Rb1+ 83. Ka7 Ra1+ 84. Kb8
Rb1 85. Rc2 Rb3 86. Ra2 Kc6 87. Ra7 Kd7 88. Ka8 Kd8 89. b8=Q+ Rxb8+ 90. Kxb8
{Black resigns} 1-0

[Event "Team 45 45 League T83"]
[Site "Internet Chess Club"]
[Date "2020.01.11"]
[Round "2"]
[White "BrerRabbit"]
[Black "kingphisch"]
[Result "1/2-1/2"]
[WhiteElo "1363"]
[BlackElo "1422"]
[Opening "Queen's pawn game, Darooha variation "]
[ECO "D11"]
[Time "15:31:31"]
[TimeControl "2700+45"]

1. Nf3 d5 2. d4 Nf6 3. c4 c6 4. Qc2 e6 5. g3 Nbd7 6. Bg2 Bd6 7. O-O O-O 8. b3
Re8 9. Ba3 Bxa3 10. Nxa3 e5 11. dxe5 Nxe5 12. cxd5 Nxd5 13. Rfd1 Qf6 14. Nxe5
Qxe5 15. e3 Be6 16. Nc4 Qc3 17. Rac1 Qxc2 18. Rxc2 Nf6 19. Rcd2 h6 20. Nd6 Re7
21. Nc4 Bd5 22. Bxd5 Nxd5 23. Rd3 Rae8 24. Kg2 Nb4 25. R3d2 Nd5 26. Rd3 Rd7 27.
Kf3 Red8 28. e4 Nf6 29. Rxd7 Rxd7 30. Rxd7 Nxd7 31. Na5 Nc5 32. Ke3 Kf8 33. Kd4
Ne6+ 34. Kc4 Nd8 35. Kd3 Ke7 36. f4 f6 37. g4 b6 38. Nc4 Ne6 39. Ke3 b5 40. Nd2
a5 41. h4 g5 42. hxg5 fxg5 43. f5 Nf4 44. e5 Nd5+ 45. Kd4 Nb4 46. Kc5 Nd3+ 47.
Kd4 Nb4 48. Kc5 Nd3+ 49. Kd4 Nb4 50. Kc5 Nd3+ 51. Kd4 Nb4 52. Kc5 {Game drawn by
repetition} 1/2-1/2